AoeStats
← RiGhT

Arena

510705553Analyzed
4v4 RM · 11h ago on Oct 2, 2026· 99m 26s· 8 players
Game mode
Random Map
Map size
Large (8 player)
Population
200
Speed
Normal
Resources
Standard
Victory
Conquest
Starting age
Dark Age
Ending age
Imperial Age
RankedLock teamsTeams togetherTeam positionsShared explorationLock speedFull tech treeHidden civsTurbo modeCheats
Victory
Defeat
🇲🇽 Khmer · Mexico
1365
+12
🇲🇽 Italians · Mexico
1282
+16
🇦🇺 Turks · Australia
1219
+18
🇮🇳 Ethiopians · India
1203
+19
🇨🇳 Saxons · China
1299
-17
🇨🇳 Persians · China
1288
-17
🇨🇳 Mongols · China
1268
-16
🇨🇳 Varangians · China
1243
-15
艾斯
0:28 Loom
10:56 Feudal Age
15:07 Castle Age
14:05 Double-Bit Axe
16:46 Bow Saw
22:08 Horse Collar
22:51 Heavy Plow
28:49 Imperial Age
26:39 Gold Mining
26:43 Stone Mining
27:06 Forging
28:15 Wheelbarrow
28:02 Bloodlines
27:54 Husbandry
29:21 Iron Casting
28:51 Scale Barding Armor
28:47 Cavalier
30:36 Gold Shaft Mining
31:42 Chain Barding Armor
31:25 Savar
42:18 Plate Barding Armor
42:44 Blast Furnace
46:29 Light Cavalry
48:59 Crossbowman
49:47 Thumb Ring
49:36 Fletching
49:47 Padded Archer Armor
52:19 Two-Man Saw
53:48 Kamandaran
53:47 Bodkin Arrow
54:08 Leather Archer Armor
54:58 Chemistry
56:36 Ring Archer Armor
58:16 Ballistics
59:11 Hussar
89:24 Hand Cart
93:24 Caravan
axjhbl90
8:50 Loom
10:35 Feudal Age
15:39 Castle Age
22:07 Double-Bit Axe
24:22 Bow Saw
26:56 Fletching
31:14 Horse Collar
32:12 Wheelbarrow
32:03 Padded Archer Armor
33:23 Gold Mining
34:16 Stone Mining
35:16 Bodkin Arrow
36:51 Hand Cart
37:11 Leather Archer Armor
41:02 Imperial Age
39:18 Bloodlines
41:43 Gold Shaft Mining
41:02 Light Cavalry
41:49 Scale Barding Armor
41:54 Forging
41:50 Bracer
41:40 Elite Mangudai
43:40 Scale Barding Armor
43:46 Forging
44:07 Conscription
43:42 Onager
系色望
11:11 Feudal Age
15:18 Castle Age
14:05 Double-Bit Axe
14:02 Horse Collar
18:31 Stone Mining
18:59 Bow Saw
22:12 Heavy Plow
22:35 Gold Mining
25:02 Wheelbarrow
28:09 Imperial Age
27:06 Forging
26:59 Scale Mail Armor
27:09 Stone Mining
28:12 Squires
28:00 Gambesons
28:15 Arson
28:47 Elite Varangian Guard
30:06 Iron Casting
29:46 Chain Mail Armor
30:58 Two-Man Saw
30:35 Crop Rotation
30:29 Hand Cart
32:07 Conscription
31:47 Gothikon
33:18 Plate Mail Armor
32:24 Pikeman
34:36 Blast Furnace
37:07 Scale Barding Armor
37:23 Husbandry
37:55 Bloodlines
37:12 Light Cavalry
38:00 Hussar
39:34 Chain Barding Armor
40:27 Vendel Legacy
41:59 Plate Barding Armor
44:25 Cavalier
53:48 Coinage
53:30 Guilds
71:06 Fletching
73:50 Halberdier
77:25 Siege Engineers
77:04 Onager
96:30 Padded Archer Armor
96:42 Bodkin Arrow
97:45 Bracer
大牛魔
10:06 Feudal Age
10:42 Double-Bit Axe
13:39 Castle Age
15:45 Horse Collar
21:45 Wheelbarrow
22:45 Bow Saw
23:31 Heavy Plow
25:13 Hand Cart
24:54 Gold Mining
28:18 Imperial Age
25:43 Fletching
25:49 Crossbowman
26:32 Padded Archer Armor
27:03 Ballistics
26:53 Thumb Ring
27:27 Bodkin Arrow
27:48 Leather Archer Armor
28:34 Gold Shaft Mining
28:00 Pikeman
28:40 Squires
30:08 Two-Man Saw
29:16 Bracer
28:53 Arbalester
30:56 Chemistry
29:54 Town Watch
30:55 Ring Archer Armor
30:17 Capped Ram
31:04 Guard Tower
31:53 Siege Engineers
32:13 Conscription
31:54 Onager
33:03 Siege Ram
36:46 Shield Wall
40:55 Scale Mail Armor
41:05 Forging
40:19 Elite Varangian Guard
40:20 Halberdier
40:46 Gambesons
40:47 Arson
43:07 Chain Mail Armor
43:27 Iron Casting
42:48 Stone Mining
45:18 Crop Rotation
45:29 Plate Mail Armor
50:30 Guilds
54:33 Coinage
54:51 Masonry
56:16 Elite Skirmisher
99:03 Scale Barding Armor
RiGhT
10:22 Feudal Age
13:54 Castle Age
11:58 Double-Bit Axe
13:31 Horse Collar
15:35 Wheelbarrow
17:26 Loom
22:32 Bow Saw
24:58 Hand Cart
25:05 Heavy Plow
25:01 Gold Mining
26:36 Gold Shaft Mining
29:31 Imperial Age
28:36 Masonry
28:21 Murder Holes
28:47 Ballistics
28:38 Fortified Wall
28:45 Stone Mining
29:19 Scale Mail Armor
29:29 Forging
29:22 Fletching
29:45 Squires
29:30 Arson
30:24 Chain Mail Armor
31:17 Chemistry
30:48 Architecture
30:32 Scale Barding Armor
31:24 Stone Shaft Mining
31:39 Conscription
31:08 Halberdier
32:34 Iron Casting
31:55 Bodkin Arrow
33:06 Torsion Engines
34:17 Plate Mail Armor
35:43 Blast Furnace
34:53 Royal Heirs
36:46 Elite Shotel Warrior
37:30 Bracer
38:04 Heavy Scorpion
40:11 Elite Shotel Warrior
42:50 Royal Heirs
44:58 Capped Ram
51:28 Siege Ram
55:34 Halberdier
63:28 Caravan
70:17 Coinage
69:59 Guilds
69:22 Onager
74:51 Siege Onager
79:48 Town Watch
82:23 Siege Engineers
91:47 Two-Man Saw
Termi2023
4:01 Loom
11:57 Feudal Age
12:36 Horse Collar
12:44 Double-Bit Axe
17:10 Castle Age
18:03 Bow Saw
18:09 Heavy Plow
18:51 Wheelbarrow
22:28 Stone Mining
22:29 Gold Mining
23:50 Hand Cart
25:25 Forging
27:50 Iron Casting
28:05 Scale Barding Armor
28:01 Padded Archer Armor
28:23 Bloodlines
28:13 Husbandry
28:19 Town Watch
31:18 Imperial Age
30:29 Chain Barding Armor
32:45 Ballistics
32:05 Treadmill Crane
32:38 Masonry
32:05 Heavy Camel Rider
33:33 Conscription
34:25 Blast Furnace
34:47 Two-Man Saw
36:58 Plate Barding Armor
38:06 Leather Archer Armor
42:33 Ring Archer Armor
42:23 Elite Janissary
50:08 Hoardings
51:10 Architecture
53:33 Sipahi
53:20 Fletching
53:01 Heavy Cavalry Archer
54:06 Parthian Tactics
53:47 Thumb Ring
55:43 Guilds
56:50 Bodkin Arrow
58:23 Bracer
68:56 Caravan
91:02 Man-at-Arms
91:43 Squires
91:28 Arson
91:47 Scale Mail Armor
92:44 Chain Mail Armor
91:51 Long Swordsman
94:15 Plate Mail Armor
93:07 Two-Handed Swordsman
94:02 Champion
97:45 Coinage
97:25 Artillery
[GDL] ColimoteStudioS
11:34 Feudal Age
14:31 Castle Age
13:18 Double-Bit Axe
13:15 Horse Collar
15:35 Bow Saw
15:27 Heavy Plow
21:47 Town Watch
22:09 Gold Mining
22:09 Stone Mining
22:49 Stone Mining
22:47 Loom
24:51 Wheelbarrow
24:56 Gold Shaft Mining
24:57 Stone Shaft Mining
25:52 Hand Cart
29:11 Imperial Age
27:52 Fletching
28:02 Padded Archer Armor
28:36 Ballistics
28:16 Murder Holes
29:47 Bodkin Arrow
30:07 Leather Archer Armor
31:05 Chemistry
30:50 Conscription
31:13 Tusk Swords
31:16 Double Crossbow
31:54 Bracer
32:25 Ring Archer Armor
31:40 Capped Ram
33:19 Masonry
33:34 Scale Mail Armor
32:59 Elite Ballista Elephant
35:47 Fortified Wall
35:34 Light Cavalry
36:24 Bloodlines
37:51 Husbandry
37:59 Scale Barding Armor
38:05 Forging
37:40 Siege Ram
38:17 Heavy Scorpion
43:23 Hussar
44:24 Chain Barding Armor
44:40 Iron Casting
46:25 Plate Barding Armor
48:38 Blast Furnace
55:42 Crop Rotation
68:46 Crop Rotation
71:24 Caravan
74:30 Elite Skirmisher
79:50 Town Patrol
96:12 Coinage
95:55 Elite Battle Elephant
97:35 Chain Mail Armor
[GDL] HANNIBAL
5:54 Loom
8:07 Feudal Age
9:47 Fletching
24:35 Castle Age
22:31 Double-Bit Axe
22:34 Horse Collar
25:21 Bodkin Arrow
25:57 Guard Tower
25:55 Town Watch
26:58 Ballistics
28:01 Wheelbarrow
28:48 Bow Saw
29:48 Heavy Plow
29:54 Gold Mining
31:50 Padded Archer Armor
33:08 Stone Mining
38:21 Imperial Age
37:03 Stone Shaft Mining
37:05 Leather Archer Armor
39:09 Hand Cart
39:10 Bracer
40:05 Conscription
40:41 Elite Genoese Crossbowman
43:38 Chemistry
43:32 Crop Rotation
43:33 Ring Archer Armor
44:45 Two-Man Saw
48:02 Scale Barding Armor
48:20 Town Patrol
49:28 Chain Barding Armor
49:19 Forging
50:47 Plate Barding Armor
50:58 Light Cavalry
51:49 Bloodlines
51:39 Husbandry
51:49 Bloodlines
51:39 Husbandry
52:45 Iron Casting
51:39 Hussar
56:22 Blast Furnace
60:42 Cavalier
64:38 Capped Ram
67:07 Coinage
68:51 Caravan
74:24 Thumb Ring
83:24 Elite Skirmisher
Connection lost

Rejoining the realm…

Still unreachable

The connection could not be restored.

Session expired

The server has moved on; the page needs a fresh start.